 Dungeon Crawl Stone Soup version 0.16.2-12-gd0ad4c3 (webtiles) character file.

210 faibistes the Magician (level 5, -1/28 HPs)
             Began as a Deep Elf Wizard on Apr 3, 2018.
             Killed by divine providence
             ... invoked by an orc priest
              (13 damage)
             ... on level 4 of the Dungeon.
             The game lasted 00:07:48 (4034 turns).

faibistes the Magician (Deep Elf Wizard)            Turns: 4034, Time: 00:07:48

Health: -1/28      AC:  2    Str:  4    XL:     5   Next: 56%
Magic:  15/21      EV: 13    Int: 24    God:
Gold:   169        SH:  0    Dex: 13    Spells: 6 memorised, 4 levels left

rFire  . . .     SeeInvis .     x - +3 dagger (flame)
rCold  . . .     Clarity  .     a - +0 robe
rNeg   . . .     SustAb   .     (no shield)
rPois  .         Gourm    .     b - +0 hat
rElec  .         Spirit   .     (no cloak)
rCorr  .         Warding  .     (no gloves)
rMut   .         Stasis   .     (no boots)
MR     .....                    (no amulet)
Stlth  ++........               (no ring)
                                v - ring of invisibility

@: repel missiles, not resistant to hostile enchantments, unstealthy
A: no striking features
a: Evoke Invisibility


You were on level 4 of the Dungeon.
You were not hungry.

You visited 1 branch of the dungeon, and saw 4 of its levels.

You collected 169 gold pieces.

Inventory:

Hand weapons
 e - a +0 dagger
 x - a +3 dagger of flaming (weapon)
Armour
 a - a +0 robe (worn)
 b - a +0 hat (worn)
Jewellery
 v - a ring of invisibility (left hand)
 w - an uncursed amulet of stasis {unknown}
Scrolls
 g - 2 scrolls of enchant weapon {unknown}
 j - a scroll of blinking {unknown}
 l - 2 scrolls of remove curse {unknown}
 m - a scroll of random uselessness {unknown}
 q - a scroll of fear {unknown}
 s - a scroll of noise {unknown}
 t - a scroll of recharging {unknown}
Potions
 f - a potion of curing
 h - 2 potions of brilliance
 i - a potion of agility {unknown}
 n - 2 potions of cure mutation
 o - a potion of haste {unknown}
 p - a potion of restore abilities {unknown}
 u - a potion of flight {unknown}
Books
 c - a book of Minor Magic

   Spells                             Type                      Level
   a - Magic Dart                     Conjuration                  1
   b - Blink                          Translocation                2
   c - Call Imp                       Summoning                    2
   d - Repel Missiles                 Charms/Air                   2
   e - Slow                           Hexes                        2
   f - Conjure Flame                  Conjuration/Fire             3
   g - Mephitic Cloud                 Conjuration/Poison/Air       3
Comestibles
 d - 2 bread rations
 k - 3 beef jerkies
 r - 2 meat rations


   Skills:
 + Level 3.6 Dodging
 - Level 2.4 Stealth
 * Level 6.7 Spellcasting
 - Level 3.6 Conjurations
 - Level 1.1 Summonings
 * Level 1.1 Translocations


You had 4 spell levels left.
You knew the following spells:

 Your Spells              Type           Power        Failure   Level  Hunger
a - Magic Dart            Conj           ####         1%          1    None
b - Conjure Flame         Conj/Fire      ###.....     12%         3    None
c - Call Imp              Summ           ##......     10%         2    None
d - Blink                 Tloc           N/A          10%         2    None
e - Mephitic Cloud        Conj/Pois/Air  ##......     17%         3    None
f - Repel Missiles        Chrm/Air       #.....       12%         2    None


Dungeon Overview and Level Annotations

Branches:
Dungeon (4/15)
 Temple: D:4-7

Altars:


Message History

Casting: Mephitic Cloud
Confirm with . or Enter, or press ? or * to list all spells.
Aiming: Conjure Flame
Press: ? - help, Dir - move target cursor The fire roars!
The kobold shouts!
Casting: Conjure Flame
Confirm with . or Enter, or press ? or * to list all spells.
Aiming: Mephitic Cloud
Press: ? - help, Shift-Dir - straight line, f - orc
Aim: an orc, wielding a hand axe The ball explodes into a vile cloud!
The stinking cloud engulfs the orc.
The stinking cloud engulfs the orc wizard.
The orc priest invokes the aid of Beogh against you.
Something smites you!
Ouch! That really hurt!
Unknown command.
The orc priest invokes the aid of Beogh against you.
Something smites you!
You die...

#.. #.# #K# ...
#o# #o# #o#
###§##.#####
#.<@........
#.....÷.......#
....##...#......
##. #..###.##.#
#... .# # ##.# #
... #.# #.#


You could see an orc priest, an orc wizard, an orc and a kobold.

Vanquished Creatures
  2 orc wizards (D:3)
  7 adders
  2 worms
  A giant mite (D:2)
  A giant gecko (D:3)
  8 orcs
  A ball python (D:3)
  5 giant cockroaches
  8 goblins
  8 hobgoblins
  9 kobolds
  4 bats
  7 giant newts
  A quokka (D:2)
  7 rats
71 creatures vanquished.

Vanquished Creatures (others)
  A plant (D:3)
1 creature vanquished.

Grand Total: 72 creatures vanquished

Notes
Turn   | Place    | Note
--------------------------------------------------------------
     0 | D:1      | faibistes, the Deep Elf Wizard, began the quest for the Orb.
     0 | D:1      | Reached XP level 1. HP: 10/10 MP: 6/6
   493 | D:1      | Reached XP level 2. HP: 15/15 MP: 8/10
   497 | D:1      | Learned a level 2 spell: Blink
   500 | D:1      | Learned a level 2 spell: Call Imp
  1207 | D:3      | Reached skill level 5 in Spellcasting
  1406 | D:2      | Reached XP level 3. HP: 19/19 MP: 10/14
  1411 | D:2      | Learned a level 3 spell: Conjure Flame
  1415 | D:2      | Learned a level 3 spell: Mephitic Cloud
  2038 | D:2      | Reached XP level 4. HP: 21/24 MP: 9/18
  2078 | D:2      | Learned a level 2 spell: Repel Missiles
  2551 | D:3      | Reached skill level 6 in Spellcasting
  3021 | D:3      | Reached XP level 5. HP: 19/28 MP: 11/20
  4034 | D:4      | Killed from afar by an orc priest

Action                   |  1- 3 |  4- 6 || total
-------------------------+-------+-------++-------
Melee: Dagger            |       |     7 ||     7
 Cast: Magic Dart        |    98 |   104 ||   202
       Blink             |     2 |     4 ||     6
       Mephitic Cloud    |     1 |     7 ||     8
       Call Imp          |     1 |       ||     1
       Repel Missiles    |       |     4 ||     4
       Conjure Flame     |       |     1 ||     1
  Use: Scroll            |       |     3 ||     3
       Potion            |       |     1 ||     1
 Stab: Confused          |       |     1 ||     1
  Eat: Chunk             |     3 |     6 ||     9
